 Dungeon Crawl Stone Soup version 0.29-a0-721-g7f417c9bbb (webtiles) character file.

Game seed: 16145502664350387638

531 gobodom the Gusty (level 7, -3/48 HPs)
             Began as a Demonspawn Air Elementalist on June 28, 2022.
             Was a Priest of Fedhas.
             Engulfed by a steam dragon's steam (7 damage)
             ... on level 4 of the Dungeon.
             The game lasted 00:19:59 (4823 turns).

gobodom the Gusty (Demonspawn Air Elementalist)     Turns: 4823, Time: 00:20:00

Health: -3/48      AC:  4    Str: 10    XL:     7   Next: 3%
Magic:  3/12       EV: 12    Int: 17    God:    Fedhas [***...]
Gold:   219        SH:  0    Dex: 13    Spells: 10/13 levels left

rFire   . . .      SeeInvis .   o - +2 hand axe (vorpal)
rCold   . . .      Faith    .   (no shield)
rNeg    . . .      Spirit   .   a - +0 robe
rPois   .          Reflect  .   (no helmet)
rElec   .          Harm     .   C - +0 cloak
rCorr   .          Rampage  .   (no gloves)
Will    .....                   (no boots)
Stlth   ++........              y - amulet of regeneration
HPRegen 0.96/turn               B - ring of flight
MPRegen 0.26/turn               (no ring)

@: flying, very slightly contaminated
A: powered by death 1, magic regeneration, sharp scales 1
a: Renounce Religion, Wall of Briars, Grow Ballistomycete


You were on level 4 of the Dungeon.
You worshipped Fedhas.
Fedhas was most pleased with you.
You visited 1 branch of the dungeon, and saw 4 of its levels.

You collected 219 gold pieces.

Inventory:

Hand Weapons
 e - a +0 flail of protection
 o - a +2 vorpal hand axe (weapon)
 t - a +1 dagger of draining
 E - a +2 dagger of speed
Missiles
 j - 5 curare-tipped darts
 s - 6 boomerangs
Armour
 a - a +0 robe (worn)
 f - an orb of mayhem
 C - a +0 cloak (worn)
Jewellery
 y - an amulet of regeneration (around neck)
 B - a ring of flight (left hand)
Wands
 D - a wand of flame (10)
Scrolls
 c - 3 scrolls of teleportation {unknown}
 d - a scroll of silence {unknown}
 g - 2 scrolls of noise {unknown}
 h - a scroll of torment {unknown}
 k - a scroll of amnesia {unknown}
 l - a scroll of blinking {unknown}
 m - 3 scrolls of magic mapping {unknown}
 n - 3 scrolls of vulnerability {unknown}
 q - a scroll of enchant weapon {unknown}
Potions
 b - a potion of magic
 i - 3 potions of brilliance {unknown}
 p - 3 potions of curing
 r - a potion of degeneration {unknown}
 u - a potion of attraction {unknown}
 v - a potion of lignification {unknown}
 w - 2 potions of flight {unknown}
 x - 5 potions of might
 z - a potion of heal wounds
 A - a potion of haste


   Skills:
 + Level 1.1 Fighting
 + Level 0.8(1.0) Axes
 + Level 0.3(0.7) Maces & Flails
 + Level 2.7 Dodging
 + Level 2.5 Stealth
 + Level 0.1 Unarmed Combat
 + Level 3.8 Spellcasting
 + Level 3.7 Conjurations
 + Level 4.2 Air Magic
 + Level 0.1 Invocations


You had 10 spell levels left.
You knew the following spells:

 Your Spells              Type           Power      Damage    Failure   Level
a - Shock                 Conj/Air       64%        1d7       3%          1
b - Static Discharge      Conj/Air       16%        N/A       4%          2

Your spell library contained the following spells:

 Spells                   Type           Power      Damage    Failure   Level
 Swiftness                Air            17%        N/A       9%          3
 Dazzling Flash           Conj/Hex       18%        N/A       22%         3
 Airstrike                Air            8%         N/A       28%         4
 Gell's Gravitas          Tloc           3%         N/A       43%         3
 Lesser Beckoning         Tloc           3%         N/A       43%         3
 Teleport Other           Tloc           3%         N/A       43%         3
 Iskenderun's Mystic Bla  Conj/Tloc      9%         2d4       58%         4
 Conjure Ball Lightning   Conj/Air       8%         3x3d6     99%         6
 Starburst                Conj/Fire      4%         6d4       100%        6
 Discord                  Hex            1%         N/A       100%        8
 Disjunction              Tloc           1%         N/A       100%        8


Dungeon Overview and Level Annotations

Branches:
Dungeon (4/15)             Temple (0/1) D:4

Altars:
Elyvilon
Fedhas
Trog

Shops:
D:3 (


Innate Abilities, Weirdness & Mutations

You regenerate a little health from kills.
You regenerate magic rapidly.
You are partially covered in razor-sharp scales. (AC +1, Slay +1)


Message History

A briar patch grows up from the ground. x2
The steam dragon bites your briar patch!
The steam dragon claws your briar patch but does no damage.
You are too injured to fight recklessly!
You are too injured to fight recklessly!
You are too injured to fight recklessly!
Casting: Static Discharge (safe; 4% risk of failure)
Confirm with . or Enter, or press ? or * to list all spells.
Aiming: Shock (safe; 3% risk of failure)
Press: ? - help, Shift-Dir - straight line, f - steam dragon
Aim: a steam dragon (steam, moderately wounded, ally target, 71% to hit)
Fedhas protects your plant from harm.
The zap misses the steam dragon.
The steam dragon bites your briar patch but does no damage.
The steam dragon claws your briar patch but does no damage.
Casting: Shock (safe; 3% risk of failure)
Confirm with . or Enter, or press ? or * to list all spells.
Aiming: Shock (safe; 3% risk of failure)
Press: ? - help, Shift-Dir - straight line, f/p - steam dragon
Aim: a steam dragon (steam, moderately wounded, ally target, 71% to hit)
Fedhas protects your plant from harm.
The zap hits the steam dragon.
The steam dragon is moderately wounded.
The steam dragon breathes steam at you.
The ball of steam hits your briar patch!
Your briar patch is destroyed!
Your briar patch disappears in a puff of smoke!
The ball of steam hits you!
* * * LOW HITPOINT WARNING * * *
Casting: Shock (safe; 3% risk of failure)
Confirm with . or Enter, or press ? or * to list all spells.
Aiming: Shock (safe; 3% risk of failure)
Press: ? - help, Shift-Dir - straight line, f/p - steam dragon
Aim: a steam dragon (moderately wounded, catching its breath, ally target, 71% to hit)
You miscast Shock.
You are very lightly contaminated with residual magic.
Nothing appears to happen.
You are engulfed in a cloud of scalding steam.
You die...
Fedhas appreciates your contribution to the ecosystem.

.......###### #....#....##
......##.†..###.88.#.....#
......#.####..#.88.#....### ##
......#.# #..'....#...##.######.
......#.# #########.......##....
....).#.####....##...............
#.....##....####.#..........)....
......##########P#..#............
.......#$?##..##@#..###.........#
..##.<.#:)##..##§#.. ##........##
..##...###..##§D##.. #........###
.##......#.. #..#...###.........#
..#......########..............##
.##...........................##
..#............................#
..............................##
.........##.#.................#


You could see a steam dragon (catching breath, ally target).

Vanquished Creatures
  Sigmund (D:4)
  Edmund (D:4)
  A scorpion (D:4)
  A jelly (D:3)
  Robin (D:2)
  3 adders
  4 worms
  3 dart slugs
  3 orcs
  16 endoplasms
  4 giant cockroaches
  14 goblins
  10 hobgoblins
  6 jackals
  5 kobolds
  5 quokkas
  7 ball pythons
  5 bats
  A frilled lizard (D:3)
  4 rats
95 creatures vanquished.

Notes
Turn   | Place    | Note
-------+----------+-------------------------------------------
     0 | D:1      | gobodom the Demonspawn Air Elementalist began the quest for
                  | the Orb.
     0 | D:1      | Reached XP level 1. HP: 13/13 MP: 3/3
   302 | D:1      | Gained mutation: You regenerate a little health from kills.
                  | [demonic ancestry]
   302 | D:1      | Reached XP level 2. HP: 3/19 MP: 1/5
  1067 | D:1      | Found a faded altar of an unknown god.
  1075 | D:1      | Prayed at the altar of an unknown god.
  1075 | D:1      | Became a worshipper of Fedhas Madash
  1075 | D:1      | Reached * piety under Fedhas
  1231 | D:1      | Reached skill level 3 in Air Magic
  1655 | D:1      | Reached XP level 3. HP: 24/24 MP: 4/6
  2122 | D:2      | Reached ** piety under Fedhas
  2381 | D:2      | Reached XP level 4. HP: 31/31 MP: 3/7
  2935 | D:2      | Noticed Robin
  2960 | D:2      | Killed Robin
  3509 | D:3      | Learned a level 2 spell: Static Discharge
  3757 | D:3      | Found Viel's Weapon Emporium.
  3825 | D:3      | Reached XP level 5. HP: 36/36 MP: 2/9
  3826 | D:3      | Reached *** piety under Fedhas
  4174 | D:4      | Noticed Edmund
  4196 | D:4      | Killed Edmund
  4197 | D:4      | Reached skill level 1 in Fighting
  4197 | D:4      | Gained mutation: You regenerate magic rapidly. [demonic
                  | ancestry]
  4197 | D:4      | Reached XP level 6. HP: 14/43 MP: 1/10
  4319 | D:4      | Noticed Sigmund
  4331 | D:4      | Killed Sigmund
  4332 | D:4      | Reached skill level 4 in Air Magic
  4457 | D:4      | Found a bloodstained altar of Trog.
  4478 | D:4      | Found a staircase to the Ecumenical Temple.
  4762 | D:4      | Noticed a steam dragon
  4787 | D:4      | Gained mutation: You are partially covered in razor-sharp
                  | scales. (AC +1, Slay +1) [demonic ancestry]
  4787 | D:4      | Reached XP level 7. HP: 36/48 MP: 4/12
  4823 | D:4      | Engulfed by a steam dragon's steam

Illustrated notes

Levels and vault maps discovered:
D:1:      sevenhm_arrival_forest_fort_large_3, layout_basic,
          chequers_ecumenical_altar_simple, hangedman_feature_mirror
D:2:      layout_basic, minmay_between, uniq_robin
D:3:      layout_rooms, serial_shops, nicolae_shop_bloodbath_and_beyond
D:4:      minmay_chambers_of_fours, layout_cave_pools, bloody_trog,
          lemuel_doored_altar, minmay_temple_entry_butterflies, uniq_edmund,
          uniq_sigmund

Skill      XL: |  1  2  3  4  5  6 |
---------------+-------------------+-----
Dodging        | 2 |  2.7
Stealth        | 2 |  2.5
Air Magic      | 3 4 |  4.2
Conjurations   | 2 3 |  3.7
Fighting       | 1 |  1.1
Spellcasting   | 3 |  3.8
Axes           | |  0.8
Maces & Flails | |  0.3
Unarmed Combat | |  0.1
Invocations    | |  0.1

Action                   |  1- 3 |  4- 6 |  7- 9 || total
-------------------------+-------+-------+-------++-------
Melee: Unarmed           |    13 |       |       ||    13
       Mace              |    10 |       |       ||    10
       Hand axe          |    12 |    29 |       ||    41
       Punch             |     2 |       |       ||     2
 Cast: Shock             |    73 |   127 |     2 ||   202
       Static Discharge  |       |     9 |     2 ||    11
Invok: Wall of Briars    |       |     1 |     1 ||     2
  Use: Scroll            |       |     4 |       ||     4
       Potion            |       |     1 |       ||     1
 Stab: Sleeping          |     1 |       |       ||     1
Armor: Robe              |     6 |     4 |     2 ||    12
Dodge: Dodged            |    42 |    28 |     4 ||    74

Table legend: (Time is in decaauts)
 A = Elapsed time spent in this place.
 B = Non-inter-level travel time spent in this place.
 C = Inter-level travel time spent in this place.
 D = Time resting spent in this place.
 E = Time spent auto-exploring this place.
 F = Levels seen in this place.
 G = Mean time per level.
                   A        B        C        D        E       F      G
               +--------+--------+--------+--------+--------+-----+--------+
         Total |   4837 |   4801 |     36 |    219 |   3711 |   4 | 1209.2 |
       Dungeon |   4837 |   4801 |     36 |    219 |   3711 |   4 | 1209.2 |
               +--------+--------+--------+--------+--------+-----+--------+

Top non-repeatable levels by time:
     D:1: 1913 daAuts
     D:2: 1355 daAuts
     D:3: 830 daAuts
     D:4: 738 daAuts
